 Dungeon Crawl Stone Soup version 0.26.0-41-g79a4fc7684 (webtiles) character file.

Game seed: 2796312851155624012

56 kaeus the Insei (level 3, 0/34 HPs)
             Began as an Octopode Transmuter on Jan 26, 2021.
             Succumbed to an adder's poison
             ... on level 2 of the Dungeon.
             The game lasted 00:03:19 (2564 turns).

kaeus the Insei (Octopode Transmuter)               Turns: 2564, Time: 00:03:19

Health: 0/34       AC: 21    Str:  9    XL:     3   Next: 97%
Magic:  15/15      EV:  2    Int: 15    God:
Gold:   70         SH:  0    Dex: 13    Spells: 5/6 levels left

rFire    . . .     SeeInvis +     - Unarmed
rCold    . . .     Faith    .   (no shield)
rNeg     + + +     Spirit   .   (helmet currently unavailable)
rPois    +         Reflect  .   (no amulet)
rElec    .         Harm     .   k - ring of flight
rCorr    .         Rampage  .   h - ring of magical power
Will     .....     NoTele   +   i - ring of see invisible
Stlth    ++........             (no ring)
HPRegen  0.11/turn              (no ring)
MPRegen  0.14/turn              (no ring)
                                (no ring)
                                (no ring)

@: lethally poisoned (0 -> -7), tree-form
A: almost no armour, stealthy swim, (amphibious), 8 rings, (constrict 8)
a: no special abilities


You were on level 2 of the Dungeon.
You were a tree.
You visited 1 branch of the dungeon, and saw 3 of its levels.

You collected 70 gold pieces.

Inventory:

Jewellery
 h - a ring of magical power (right branch)
 i - a ring of see invisible (on tentacle)
 k - a ring of flight (left branch)
Scrolls
 a - a scroll of amnesia {unknown}
 b - a scroll of magic mapping {unknown}
 c - 3 scrolls of remove curse {unknown}
 d - a scroll of fog {unknown}
 f - 4 scrolls of identify {unknown}
 j - a scroll of immolation {unknown}
Potions
 g - a potion of lignification


   Skills:
 + Level 1.6 Fighting
 - Level 2.2 Dodging
 * Level 2.7 Stealth
 * Level 3.3 Unarmed Combat
 + Level 2.3 Spellcasting
 + Level 2.2 Transmutations


You had 5 spell levels left.
You knew the following spells:

 Your Spells              Type           Power        Failure   Level
a - Beastly Appendage     Tmut           16%          9%          1

Your spell library contained the following spells:

 Spells                   Type           Power        Failure   Level
 Wereblood                Tmut           8%           13%         2
 Spider Form              Tmut/Pois      2%           38%         3
 Ice Form                 Ice/Tmut       5%           80%         4
 Blade Hands              Tmut           4%           94%         5


Dungeon Overview and Level Annotations

Branches:
Dungeon (3/15)

Altars:
Kikubaaqudgha
Okawaru


Innate Abilities, Weirdness & Mutations

You cannot wear most types of armour.
You are very stealthy in the water. (Stealth+)
((You are amphibious.))
You can wear up to eight rings at the same time.
((You can use your tentacles to constrict eight enemies at once.))
((Your skin changes colour to match your surroundings (Stealth+).))
((Your rubbery body absorbs attacks. (AC +1, EV +1)))
((One of your tentacles bears a spike.))
((Your system is resistant to poisons. (rPois)))


Message History

Your tentacle spike misses the worm.
The worm is lightly wounded.
You constrict the worm.
You feel sick.
You take 1 damage, and have 7/23 hp.
You tentacle-slap the worm. You squeeze the worm.
The worm is severely wounded.
You constrict the worm. The worm bites you.
* * * LOW HITPOINT WARNING * * *
You take 6 damage, and have 1/23 hp.
MASSIVE DAMAGE!!
It was a potion of lignification.
Your tentacle spike disappears.
You turn into a tree.
Your roots penetrate the ground.
You lose your grip on the worm.
* * * LOW HITPOINT WARNING * * *
You feel sick.
You now have 1/34 hp.
It was a potion of mutation.
You feel extremely strange.
One of your lower tentacles grows a sharp spike.
You feel resistant to poisons.
You die...

##...## #. #.####.....##
#. #...........# #.
#####.......# #.
#.......# ###.
##.....#######... #
##.............##
#.###........########
#..w♣........## ###..
.......#..........###.<.#
...##############.......#
. ##_## #####.#.# 8...8##
##.#.# .....######..#.#
.....>#..##.##.#
.....##.........
8...8##..#.###.#


You could see a worm.

Vanquished Creatures
  An adder (D:2)
  A worm (D:2)
  2 dart slugs (D:1)
  A leopard gecko (D:1)
  A giant cockroach (D:2)
  2 goblins (D:1)
  6 hobgoblins
  6 jackals (D:1)
  2 ball pythons (D:2)
  6 bats
  A frilled lizard (D:2)
  3 kobolds
  8 rats
40 creatures vanquished.

Notes
Turn   | Place    | Note
-------+----------+-------------------------------------------
     0 | D:1      | kaeus the Octopode Transmuter began the quest for the Orb.
     0 | D:1      | Reached XP level 1. HP: 13/13 MP: 3/3
   227 | D:1      | Reached skill level 1 in Stealth
   227 | D:1      | Reached XP level 2. HP: 13/18 MP: 3/5
  1053 | D:1      | Reached XP level 3. HP: 18/23 MP: 4/6
  1551 | D:2      | Found an iron altar of Okawaru.
  1552 | D:2      | Found an ancient bone altar of Kikubaaqudgha.
  2562 | D:2      | HP: 1/23 [worm (6)]
  2564 | D:2      | Gained mutation: One of your tentacles bears a spike.
                  | [potion of mutation]
  2564 | D:2      | Gained mutation: Your system is resistant to poisons.
                  | (rPois) [potion of mutation]
  2564 | D:2      | Succumbed to an adder's poison

Illustrated notes

Levels and vault maps discovered:
D:1:      scummos_arrival_checkerplants, layout_basic, minmay_tromino_v4_c
D:2:      layout_rooms, nicolae_overflow_hidden_temple, minivault_19,
          grunt_decor_mini_mirrors
D:3:      layout_basic, kennysheep_cross_bottleneck

Skill      XL: |  1  2 |
---------------+-------+-----
Stealth        | 1 2 |  2.7
Fighting       | |  1.6
Dodging        | |  2.2
Unarmed Combat | |  3.3
Spellcasting   | |  2.3
Transmutations | |  2.2

Action                   || total
-------------------------++-------
Melee: Unarmed           ||    90
       Constrict         ||    25
       Tentacles         ||    16
       Kick              ||    13
       Punch             ||     1
 Cast: Beastly Appendage ||    24
  Use: Potion            ||     2
 Stab: Sleeping          ||     8
Armor: Skin              ||     4
Dodge: Dodged            ||    52
